 Dungeon Crawl Stone Soup version 0.30-a0-1008-g30c9307041 (webtiles) character file.

Game seed: 3118841823448261592

3059 PimpSugar the Magician (level 9, -5/65 HPs)
             Began as a Demonspawn Hedge Wizard on Apr 5, 2023.
             Was an Initiate of Vehumet.
             Slain by a two-headed ogre
             ... wielding a +0 giant club
              (32 damage)
             ... on level 8 of the Dungeon.
             The game lasted 00:27:46 (8068 turns).

PimpSugar the Magician (Demonspawn Hedge Wizard)    Turns: 8068, Time: 00:27:46

Health: -5/65      AC:  9    Str:  6    XL:     9   Next: 57%
Magic:  18/18      EV: 19    Int: 25    God:    Vehumet [......]
Gold:   176        SH:  4    Dex: 14    Spells: 9/20 levels left

rFire   . . .      SeeInvis +    A - +0 rapier "Spiderbane" {spect, Str-4 Int+2 Stlth+}
rCold   . . .      Faith    .    (no shield)
rNeg    . . .      Spirit   .    w - +3 leather armour "Etypn" {Harm Will+ Int+4}
rPois   .          Reflect  .    (helmet unavailable)
rElec   .          Rampage  .    v - +1 cloak
rCorr   .          Harm     + .  I - +0 pair of gloves
Will    +....                    (no boots)
Stlth   +++                      (no amulet)
HPRegen 0.30/turn                h - +4 ring of slaying
MPRegen 0.32/turn                j - +5 ring of evasion

@: no status effects
A: antennae 3, repulsion field 1, magic regeneration, condensation shield
a: Renounce Religion


You were on level 8 of the Dungeon.
You worshipped Vehumet.
Vehumet was noncommittal.
You visited 2 branches of the dungeon, and saw 9 of its levels.

You collected 394 gold pieces.
You spent 218 gold pieces at shops.

Inventory:

Hand Weapons
 e - a +1 heavy longbow
 l - a +0 heavy sling
 r - a -2 demon whip of venom
 t - a +2 dagger of venom
 x - a +1 short sword of protection
 A - the +0 rapier "Spiderbane" (weapon) {spect, Str-4 Int+2 Stlth+}
   (You found it on level 3 of the Dungeon)

   Str:       It affects your strength (-4).
   Int:       It affects your intelligence (+2).
   Stlth:     It makes you more stealthy.
 J - a +4 quarterstaff of chaos
 P - a +1 flail of draining
Missiles
 u - 42 stones
 B - 5 poisoned darts (quivered)
 G - 4 curare-tipped darts
 H - 4 javelins
 K - 12 boomerangs
 O - a throwing net
Armour
 b - a +0 robe
 v - a +1 cloak (worn)
 w - the +3 leather armour "Etypn" (worn) {Harm Will+ Int+4}
   (You found it on level 3 of the Dungeon)

   Int:       It affects your intelligence (+4).
   Harm:      It increases damage dealt and taken.
   Will:      It increases your willpower.
 I - a +0 pair of gloves (worn)
Jewellery
 h - a +4 ring of slaying (left hand)
 j - a +5 ring of evasion (right hand)
 p - a ring of positive energy
 q - a ring of resist corrosion
Wands
 y - a wand of digging (9)
 C - a wand of charming (9)
 Q - a wand of roots (14)
Scrolls
 c - a scroll of summoning
 g - 2 scrolls of magic mapping
 k - a scroll of fog
 m - 3 scrolls of teleportation
 o - 4 scrolls of vulnerability
 E - a scroll of torment
Potions
 a - a potion of cancellation {unknown}
 d - 3 potions of magic
 f - a potion of might
 i - 2 potions of invisibility {unknown}
 n - 2 potions of resistance {unknown}
 s - a potion of flight {unknown}
 z - 2 potions of attraction
 D - 2 potions of degeneration {unknown}
 F - a potion of ambrosia {unknown}
 M - a potion of berserk rage {unknown}


   Skills:
 + Level 4.1 Fighting
 + Level 4.2 Dodging
 - Level 4.0 Stealth
 * Level 6.2 Spellcasting
 * Level 5.9 Conjurations
 + Level 2.9 Hexes
 + Level 4.3 Summonings
 + Level 3.8 Translocations
 + Level 3.0 Evocations


You had 9 spell levels left.
You knew the following spells:

 Your Spells              Type           Power      Damage    Failure   Level
a - Magic Dart            Conj           100%       1d8       1%          1
b - Call Imp              Summ           29%        N/A       3%          2
c - Gell's Gravitas       Tloc           26%        N/A       7%          3
d - Slow                  Hex            88%        N/A       3%          1
e - Blink                 Tloc           52%        N/A       3%          2
f - Searing Ray           Conj           74%        2d7       1%          2

Your spell library contained the following spells:

 Spells                   Type           Power      Damage    Failure   Level
 Lesser Beckoning         Tloc           52%        N/A       3%          2
 Teleport Other           Tloc           26%        N/A       7%          3
 Mephitic Cloud           Conj/Pois/Air  17%        N/A       16%         3
 Cigotuvi's Dreadful Rot  Necr/Pois/Air  14%        N/A       17%         2
 Fulminant Prism          Conj/Hex       15%        3d11      19%         4
 Cause Fear               Hex            11%        N/A       34%         4
 Anguish                  Hex/Necr       7%         N/A       52%         4
 Enfeeble                 Hex            11%        N/A       100%        7


Dungeon Overview and Level Annotations

Branches:
Dungeon (8/15)             Temple (1/1) D:6
   Lair: D:8-11

Altars:
Ashenzari
Dithmenos
Fedhas
Gozag
Hepliaklqana
Kikubaaqudgha
Okawaru
Qazlal
Ru
Sif Muna
Trog
Uskayaw
Vehumet
Wu Jian
Xom
Yredelemnul

Shops:
D:7 (


Innate Abilities, Weirdness & Mutations

You have a pair of large antennae on your head. (SInv)
You are surrounded by a mild repulsion field. (EV +2)
You regenerate magic rapidly.
A meltable shield of frost defends you. (SH +4)


Message History

You feel sick.
You feel sick.
You start resting.
You feel sick. x4
You are no longer poisoned.
You start resting.
You feel a little less mighty now.
You start resting.
HP restored.
You see here a -2 demon whip of venom.
r - a -2 demon whip of venom
B - 5 poisoned darts (gained 3);
G - 4 curare-tipped darts;
O - a throwing net A two-headed ogre comes into view.
It is wielding a +0 giant club and a +0 giant spiked club.
Found a stone staircase leading down.
Casting: Call Imp (safe; 3% risk of failure)
Confirm with . or Enter, or press ? or * to list all spells.
You miscast Call Imp.
You are very lightly contaminated with residual magic.
Nothing appears to happen.
Unknown command.
You hit the two-headed ogre.
The two-headed ogre is lightly wounded.
The two-headed ogre barely misses you. The two-headed ogre misses you.
Your magical contamination has completely faded away.
You hit the two-headed ogre.
The two-headed ogre is lightly wounded.
The two-headed ogre barely misses you. The two-headed ogre closely misses you.
You hit the two-headed ogre. You punch the two-headed ogre.
The two-headed ogre is moderately wounded.
The two-headed ogre closely misses you.
The two-headed ogre completely misses you.
You hit the two-headed ogre but do no damage.
The two-headed ogre is lightly wounded.
You puncture the two-headed ogre!
The two-headed ogre is moderately wounded.
The two-headed ogre hits you with a +0 giant club!
The two-headed ogre hits you with a +0 giant spiked club!!
You hit the two-headed ogre.
The two-headed ogre is heavily wounded.
The two-headed ogre hits you with a +0 giant club!!
You die...

##..##.....##
#...###...####
#.............
#####....#####..<.
#.....###.# #....
#.####.#..# ##...
#.#####.#.# ##..
#.#.....#.# ##.
#@#.#####.# #.
#O#.# #.# #. #>#.#
#.# #. ..#.# #.#
#. ###.# #.# #.
#.# #.# #. #.#
#.#######.
#.....<...
##########


You could see a two-headed ogre.

Vanquished Creatures
  Amaemon (D:8)
  An orange demon (D:8)
  Grinder (D:6)
  A water moccasin (D:7)
  An ice beast (D:6)
  A sky beast (D:6)
  2 black bears
  2 centaurs
  A kobold brigand (D:3)
  3 bullfrogs
  3 scorpions
  4 killer bees (D:7)
  A crimson imp (D:4)
  A jelly (D:7)
  3 hounds
  4 orc priests
  Crazy Yiuf (D:4)
  A gnoll bouda (D:6)
  3 iguanas
  A sleepcap (D:6)
  Jessica (D:2)
  Ijyb (D:3)
  2 orc wizards
  3 gnolls (D:6)
  7 adders
  2 shadow imps (D:7)
  3 white imps
  A worm (D:2)
  3 dart slugs
  14 orcs
  5 ball pythons
  6 bats
  3 endoplasms
  A giant cockroach (D:1)
  6 goblins
  11 hobgoblins
  3 jackals
  15 kobolds
  5 quokkas
  5 frilled lizards
  5 rats
138 creatures vanquished.

Vanquished Creatures (collateral kills)
  A gnoll (D:6)
  An orc (D:4)
  A goblin (D:1)
  2 kobolds
  A rat (D:1)
6 creatures vanquished.

Vanquished Creatures (others)
  A fungus (D:7)
1 creature vanquished.

Grand Total: 145 creatures vanquished

Notes
Turn   | Place    | Note
-------+----------+-------------------------------------------
     0 | D:1      | PimpSugar the Demonspawn Hedge Wizard began the quest for
                  | the Orb.
     0 | D:1      | Reached XP level 1. HP: 13/13 MP: 4/4
   165 | D:1      | Reached skill level 1 in Translocations
   202 | D:1      | Gained mutation: You are surrounded by a mild repulsion
                  | field. (EV +2) [demonic ancestry]
   202 | D:1      | Reached XP level 2. HP: 12/19 MP: 1/6
   266 | D:1      | Learned a level 2 spell: Call Imp
   269 | D:1      | Learned a level 2 spell: Blink
   271 | D:1      | Learned a level 1 spell: Slow
   649 | D:1      | Gained mutation: You have a pair of small antennae on your
                  | head. [demonic ancestry]
   649 | D:1      | Reached XP level 3. HP: 25/25 MP: 7/7
  1375 | D:2      | Reached skill level 1 in Fighting
  1744 | D:2      | Noticed Jessica
  1752 | D:2      | Killed Jessica
  1753 | D:2      | Reached XP level 4. HP: 32/32 MP: 9/9
  2204 | D:3      | Identified the +3 leather armour "Etypn" {Harm Will+ Int+4}
  2254 | D:3      | Noticed Ijyb
  2271 | D:3      | Killed Ijyb
  2272 | D:3      | Gained mutation: You have a pair of antennae on your head.
                  | [demonic ancestry]
  2272 | D:3      | Reached XP level 5. HP: 27/37 MP: 10/10
  2351 | D:3      | Identified the +0 rapier "Spiderbane" {spect, Str-4 Int+2
                  | Stlth+}
  2471 | D:3      | Found a faded altar of an unknown god.
  2648 | D:3      | Gained mutation: You have a pair of large antennae on your
                  | head. (SInv) [demonic ancestry]
  2648 | D:3      | Reached XP level 6. HP: 32/44 MP: 9/11
  2818 | D:3      | Reached skill level 4 in Spellcasting
  3190 | D:4      | Found a runed translucent door.
  3191 | D:4      | Noticed Crazy Yiuf
  3197 | D:4      | Killed Crazy Yiuf
  3699 | D:5      | Entered Level 5 of the Dungeon
  3801 | D:5      | Gained mutation: You regenerate magic rapidly. [demonic
                  | ancestry]
  3801 | D:5      | Reached XP level 7. HP: 41/51 MP: 13/13
  4413 | D:5      | Learned a level 3 spell: Gell's Gravitas
  4449 | D:6      | Learned a level 2 spell: Searing Ray
  4715 | D:6      | Reached skill level 1 in Evocations
  4743 | D:6      | Noticed Grinder
  4770 | D:6      | Killed Grinder
  4771 | D:6      | Reached skill level 5 in Spellcasting
  4771 | D:6      | Reached skill level 1 in Hexes
  4771 | D:6      | Reached XP level 8. HP: 28/57 MP: 15/15
  5389 | D:6      | Found a staircase to the Ecumenical Temple.
  5399 | Temple   | Entered the Ecumenical Temple
  5429 | Temple   | Became a worshipper of Vehumet
  6371 | D:7      | Found a shadowy altar of Dithmenos.
  6473 | D:7      | Found Qofyeler's Antique Weapon Boutique.
  6513 | D:7      | Reached skill level 5 in Conjurations
  6728 | D:7      | Bought a runed longbow for 218 gold pieces
  6948 | D:7      | Gained mutation: A meltable shield of frost defends you.
                  | (SH +4) [demonic ancestry]
  6948 | D:7      | Reached XP level 9. HP: 64/64 MP: 17/17
  7838 | D:8      | Noticed an orange demon
  7838 | D:8      | Noticed Amaemon
  7852 | D:8      | Killed an orange demon
  7873 | D:8      | Killed Amaemon
  7874 | D:8      | Reached skill level 6 in Spellcasting
  8056 | D:8      | Noticed a two-headed ogre
  8068 | D:8      | Slain by a two-headed ogre

Illustrated notes

Levels and vault maps discovered:
D:1:      scummos_arrival_checkerplants, layout_basic
D:2:      layout_loops_ring, serial_aquarium, aquarium_bridge_straight
          [aquarium_subvault_bridge, aquarium_subvault_wall,
          aquarium_subvault_bridge, aquarium_subvault_balcony],
          aquarium_window_1, aquarium_window_fake, aquarium_view_2d,
          aquarium_balcony_1b, aquarium_pool_double, nrook_campfire,
          chequers_serial_rivers_marsh, kennysheep_generic_room_4, uniq_jessica
D:3:      cheibrodos_thug_alley, layout_rooms, ebering_ecumenical_altar_mist,
          uniq_ijyb
D:4:      layout_cave_pools, mainiacjoe_overflow_alcove_2,
          minmay_fire_ice_demons, uniq_crazy_yiuf_cottage
D:5:      layout_loops_ring
D:6:      layout_cave_pods, minmay_temple_entry_poolview, uniq_grinder
D:7:      layout_basic, mainiacjoe_overflow_tiny_flanked, serial_shops,
          nicolae_shop_hallway_stairs, minmay_puff
D:8:      layout_loops_ring, mainiacjoe_overflow_six_doors_small, uniq_maggie,
          uniq_amaemon
Temple:   minmay_crystal_spiral_temple

Skill      XL: |  1  2  3  4  5  6  7  8  9 |
---------------+----------------------------+-----
Translocations | 1 2 3 |  3.8
Stealth        | 2 3 4 |  4.0
Dodging        | 2 3 4 |  4.2
Fighting       | 1 2 3 4 |  4.1
Conjurations   | 2 3 4 5 |  5.9
Summonings     | 2 3 4 |  4.3
Spellcasting   | 4 5 6 |  6.2
Evocations     | 1 2 3 |  3.0
Hexes          | 1 2 |  2.9

Action                     |  1- 3 |  4- 6 |  7- 9 || total
---------------------------+-------+-------+-------++-------
  Melee: Dagger            |    95 |    62 |       ||   157
         Punch             |     1 |     1 |     3 ||     5
         Rapier            |       |    92 |   151 ||   243
  Throw: Dart              |       |       |     8 ||     8
         Throwing net      |       |       |     1 ||     1
   Cast: Magic Dart        |    37 |     4 |       ||    41
         Call Imp          |     1 |     5 |     4 ||    10
         Slow              |       |     3 |     3 ||     6
         Searing Ray       |       |       |     4 ||     4
         Blink             |       |       |     1 ||     1
    Use: Scroll            |       |     4 |    12 ||    16
         Potion            |       |       |     8 ||     8
   Stab: Sleeping          |     1 |     4 |     4 ||     9
 Armour: Robe              |    23 |       |       ||    23
         Leather armour    |       |    26 |    55 ||    81
  Dodge: Dodged            |    71 |   169 |   218 ||   458
  Block: Other             |       |       |    15 ||    15

Table legend: (Time is in decaauts)
 A = Elapsed time spent in this place.
 B = Non-inter-level travel time spent in this place.
 C = Inter-level travel time spent in this place.
 D = Time resting spent in this place.
 E = Time spent auto-exploring this place.
 F = Levels seen in this place.
 G = Mean time per level.
                   A        B        C        D        E       F      G
               +--------+--------+--------+--------+--------+-----+--------+
         Total |   8124 |   7690 |    434 |    988 |   4331 |   9 |  902.7 |
       Dungeon |   7889 |   7657 |    232 |    988 |   4307 |   8 |  986.1 |
        Temple |    234 |     32 |    202 |      0 |     24 |   1 |  234.0 |
               +--------+--------+--------+--------+--------+-----+--------+

Top non-repeatable levels by time:
     D:6: 1554 daAuts
     D:7: 1273 daAuts
     D:1: 1192 daAuts
     D:2: 1010 daAuts
     D:3: 847 daAuts
     D:5: 720 daAuts
     D:4: 674 daAuts
     D:8: 617 daAuts
  Temple: 234 daAuts
